HSSL
FRESNO HS RED WINGS @ INDIANAPOLIS HS RIFLES
04/05/2029
 
TOP OF THE 1ST
Fresno HS Red Wings batting - Pitching for Indianapolis HS Rifles : RHP Paul Smith
Pitching: RHP Paul Smith
Batting: RHB Mike Peterson 0-0: Swinging Strike
0-1: Swinging Strike
0-2: Ball
1-2: Strikes out swinging
Batting: RHB Harry Payne 0-0: Swinging Strike
0-1: Ball
1-1: Swinging Strike
1-2: Ball
2-2: Foul Ball, location: 2F
2-2: Ground out 3-1 (Groundball, 34)
Batting: RHB Thomas English 0-0: Ball
1-0: SINGLE (Line Drive, 8LS)
Batting: SHB Xavier Stout 0-0: Called Strike
Thomas English steals 2nd base
0-1: Foul Ball, location: 2F
0-2: Foul Ball, location: 2F
0-2: Foul Ball, location: 2F
0-2: Foul Ball, location: 2F
0-2: Foul Ball, location: 2F
0-2: Ball
1-2: Ground out 1-3 (Groundball, 13)
Top of the 1st over - 0 runs, 1 hit, 0 errors, 1 left on base; Fresno HS 0 - Indianapolis HS 0
BOTTOM OF THE 1ST
Indianapolis HS Rifles batting - Pitching for Fresno HS Red Wings : LHP José Schneider
Pitching: LHP José Schneider
Batting: RHB Fook Hann 0-0: Ball
1-0: Swinging Strike
1-1: Called Strike
1-2: Fly out, F7 (Flyball, 7D)
Batting: RHB Wesley Wood 0-0: Ball
1-0: Called Strike
1-1: Called Strike
1-2: Ball
2-2: Foul Ball, location: 2F
2-2: Foul Ball, location: 2F
2-2: Ground out 6-3 (Groundball, 6)
Batting: RHB Jason Tomlin 0-0: Ball
1-0: Ball
2-0: Ground out 1-3 (Groundball, 13S)
Bottom of the 1st over - 0 runs, 0 hits, 0 errors, 0 left on base; Fresno HS 0 - Indianapolis HS 0
TOP OF THE 2ND
Fresno HS Red Wings batting - Pitching for Indianapolis HS Rifles : RHP Paul Smith
Batting: RHB Bob Howard 0-0: Ground out 6-3 (Groundball, 6)
Batting: RHB Roberto Santos 0-0: Called Strike
0-1: Ground out 4-3 (Groundball, 4)
Batting: RHB José Cómpoz 0-0: Foul Ball, location: 2F
0-1: Ball
1-1: Called Strike
1-2: Foul Ball, location: 2F
1-2: Ball
2-2: Foul Ball, location: 2F
2-2: Ball
3-2: Foul Ball, location: 2F
3-2: Fly out, F7 (Flyball, 7D)
Top of the 2nd over - 0 runs, 0 hits, 0 errors, 0 left on base; Fresno HS 0 - Indianapolis HS 0
BOTTOM OF THE 2ND
Indianapolis HS Rifles batting - Pitching for Fresno HS Red Wings : LHP José Schneider
Batting: RHB Juan Valdéz 0-0: Called Strike
0-1: Fly out, F9 (Flyball, 9S)
Batting: RHB Lorenzo Camacho 0-0: Ball
1-0: Called Strike
1-1: Swinging Strike
1-2: Foul Ball, location: 2F
1-2: Ball
2-2: Foul Ball, location: 2F
2-2: Ball
3-2: Fly out, F7 (Flyball, 7LM)
Batting: RHB Dale Messer 0-0: Called Strike
0-1: Called Strike
0-2: Ball
1-2: Ball
2-2: Strikes out looking
Bottom of the 2nd over - 0 runs, 0 hits, 0 errors, 0 left on base; Fresno HS 0 - Indianapolis HS 0
TOP OF THE 3RD
Fresno HS Red Wings batting - Pitching for Indianapolis HS Rifles : RHP Paul Smith
Batting: RHB Luis Mata 0-0: Called Strike
0-1: Swinging Strike
0-2: Ball
1-2: Strikes out looking
Batting: RHB Adrián Velásquez 0-0: Swinging Strike
0-1: Ball
1-1: SINGLE (Line Drive, 4)
Batting: RHB Mike Peterson 0-0: Called Strike
0-1: Ball
1-1: Reached on error, E5 (Groundball, 56)
Adrián Velásquez to second
Batting: RHB Harry Payne 0-0: Reached on error, E4 (Line Drive, 4M)
Adrián Velásquez to third
Mike Peterson to second
Batting: RHB Thomas English 0-0: Ball
1-0: Fielders Choice at 2nd, 6-4 (Groundball, 6M)
Adrián Velásquez scores
Mike Peterson to third
Batting: SHB Xavier Stout 0-0: Called Strike
0-1: Ball
1-1: Ball
2-1: DOUBLE (Line Drive, 78D)
Mike Peterson scores
Thomas English to third
Runner from 3rd tries for Home, throw and OUT!
Top of the 3rd over - 2 runs, 2 hits, 2 errors, 1 left on base; Fresno HS 2 - Indianapolis HS 0
BOTTOM OF THE 3RD
Indianapolis HS Rifles batting - Pitching for Fresno HS Red Wings : LHP José Schneider
Batting: RHB Raymond Young 0-0: Ball
1-0: DOUBLE (Line Drive, 7D)
Batting: RHB Melvin O'Keefe 0-0: Ball
1-0: Ball
2-0: Ball
3-0: Base on Balls
Batting: LHB Henry Fairchild 0-0: Ball
1-0: Ball
2-0: Called Strike
2-1: Ball
3-1: Base on Balls
Raymond Young to third
Melvin O'Keefe to second
Batting: RHB Fook Hann 0-0: Called Strike
0-1: Called Strike
0-2: Foul Ball, location: 2F
0-2: Ball
1-2: Foul Ball, location: 2F
1-2: Ball
2-2: Foul Ball, location: 2F
2-2: Ball
3-2: Base on Balls
Raymond Young scores
Melvin O'Keefe to third
Henry Fairchild to second
Batting: RHB Wesley Wood 0-0: Foul Ball, location: 2F
0-1: Foul Ball, location: 2F
0-2: GRAND SLAM HOME RUN (Flyball, 7LD), Distance : 350 ft
Batting: RHB Jason Tomlin 0-0: DOUBLE (Line Drive, 89M)
Batting: RHB Juan Valdéz 0-0: Foul Ball, location: 2F
0-1: Ground out 4-3 (Groundball, 4)
Jason Tomlin to third
Batting: RHB Lorenzo Camacho 0-0: SINGLE (Groundball, 56S) (infield hit)
Jason Tomlin scores
Batting: RHB Dale Messer 0-0: Ball
1-0: Fly out, F9 (Flyball, 9)
Batting: RHB Raymond Young 0-0: Ball
1-0: Ball
2-0: Swinging Strike
2-1: Swinging Strike
2-2: Fly out, F9 (Flyball, 9LMF)
Bottom of the 3rd over - 6 runs, 4 hits, 0 errors, 1 left on base; Fresno HS 2 - Indianapolis HS 6
TOP OF THE 4TH
Fresno HS Red Wings batting - Pitching for Indianapolis HS Rifles : RHP Paul Smith
Batting: RHB Bob Howard 0-0: Ball
1-0: SINGLE (Line Drive, 34)
Batting: RHB Roberto Santos 0-0: Ball
1-0: Foul Ball, location: 2F
1-1: Ball
2-1: Ball
3-1: Fly out, F7 (Line Drive, 78D)
Batting: RHB José Cómpoz 0-0: Ball
1-0: Called Strike
1-1: Ball
2-1: SINGLE (Flyball, 7LS)
Bob Howard to second
Batting: RHB Luis Mata 0-0: Foul Ball, location: 2F
0-1: Swinging Strike
0-2: Ball
1-2: Foul Ball, location: 2F
1-2: Ball
2-2: Fly out, F8 (Line Drive, 8LS)
Batting: RHB Adrián Velásquez 0-0: SINGLE (Flyball, 8RS)
Bob Howard to third
José Cómpoz to second
Runner from 3rd tries for Home, SAFE, throw made home
Batting: RHB Mike Peterson 0-0: Ball
1-0: Called Strike
1-1: Ball
2-1: Swinging Strike
2-2: Ball
3-2: SINGLE (Groundball, 4D)
José Cómpoz to third
Adrián Velásquez to second
José Cómpoz scores
Adrián Velásquez to third
Batting: RHB Harry Payne 0-0: Swinging Strike
0-1: Foul Ball, location: 2F
0-2: DOUBLE (Line Drive, 8LXD)
Adrián Velásquez scores
Mike Peterson to third
Batting: RHB Thomas English 0-0: Ball
1-0: Called Strike
1-1: Called Strike
1-2: Ball
2-2: Foul Ball, location: 2F
2-2: Ball
3-2: Foul Ball, location: 2F
3-2: SINGLE (Line Drive, 89S)
Mike Peterson scores
Harry Payne to third
Harry Payne scores
Pitching: LHP Eugene Hernández
Batting: SHB Xavier Stout 0-0: Hit by Pitch
Thomas English to second
Batting: RHB Bob Howard 0-0: Ball
1-0: Swinging Strike
1-1: Ball
2-1: Foul Ball, location: 2F
2-2: Strikes out swinging
Top of the 4th over - 5 runs, 6 hits, 0 errors, 2 left on base; Fresno HS 7 - Indianapolis HS 6
BOTTOM OF THE 4TH
Indianapolis HS Rifles batting - Pitching for Fresno HS Red Wings : LHP José Schneider
Batting: RHB Melvin O'Keefe 0-0: Called Strike
0-1: Ball
1-1: Called Strike
1-2: Foul Ball, location: 2F
1-2: Ball
2-2: Ball
3-2: SINGLE (Line Drive, 6M)
Batting: LHB Henry Fairchild 0-0: Ball
1-0: Ball
2-0: Swinging Strike
2-1: Ball
3-1: Grounds into double play, 4-6-3 (Groundball, 4)
Batting: RHB Fook Hann 0-0: Ball
1-0: SINGLE (Flyball, 9S)
Batting: RHB Wesley Wood 0-0: Foul Ball, location: 2F
0-1: Ball
1-1: Foul Ball, location: 2F
1-2: SINGLE (Flyball, 89M)
Fook Hann to second
Throwing error, E8
Fook Hann scores
Wesley Wood to second
Pitching: RHP Rodrigo Silva
Batting: RHB Jason Tomlin 0-0: Ball
1-0: Ball
2-0: Ball
3-0: Called Strike
3-1: Base on Balls
Batting: RHB Juan Valdéz 0-0: SINGLE (Line Drive, 9S)
Wesley Wood to third
Jason Tomlin to second
Runner from 3rd tries for Home, SAFE, throw made home
Batting: RHB Lorenzo Camacho 0-0: Called Strike
0-1: Ball
1-1: Ball
2-1: Fly out, F7 (Flyball, 7S)
Bottom of the 4th over - 2 runs, 4 hits, 1 error, 2 left on base; Fresno HS 7 - Indianapolis HS 8
TOP OF THE 5TH
Fresno HS Red Wings batting - Pitching for Indianapolis HS Rifles : LHP Eugene Hernández
Batting: RHB Roberto Santos 0-0: Ball
1-0: Ball
2-0: Fly out, F6 (Popup, 6M)
Batting: RHB José Cómpoz 0-0: Ball
1-0: Foul Ball, location: 2F
1-1: Foul Ball, location: 2F
1-2: Ball
2-2: Ball
3-2: Ground out 5-3 (Groundball, 5S)
Batting: RHB Luis Mata 0-0: Ball
1-0: Ball
2-0: DOUBLE (Line Drive, 7)
Batting: RHB Adrián Velásquez 0-0: Called Strike
0-1: Foul Ball, location: 2F
0-2: Foul Ball, location: 2F
0-2: Foul Ball, location: 2F
0-2: Foul Ball, location: 2F
0-2: Ball
1-2: Foul Ball, location: 2F
1-2: Foul Ball, location: 2F
1-2: Ball
2-2: Strikes out swinging
Top of the 5th over - 0 runs, 1 hit, 0 errors, 1 left on base; Fresno HS 7 - Indianapolis HS 8
BOTTOM OF THE 5TH
Indianapolis HS Rifles batting - Pitching for Fresno HS Red Wings : RHP Rodrigo Silva
Batting: RHB Dale Messer 0-0: Called Strike
0-1: Ball
1-1: Foul Ball, location: 2F
1-2: Ground out U3 (Groundball, 34S)
Batting: RHB Raymond Young 0-0: Foul Ball, location: 2F
0-1: Foul Ball, location: 2F
0-2: Ball
1-2: Fly out, F6 (Popup, P)
Batting: RHB Melvin O'Keefe 0-0: Called Strike
0-1: Called Strike
0-2: Ball
1-2: SINGLE (Flyball, 78S)
Batting: LHB Henry Fairchild 0-0: Called Strike
0-1: Foul Ball, location: 2F
0-2: Ground out 4-3 (Groundball, 4)
Bottom of the 5th over - 0 runs, 1 hit, 0 errors, 1 left on base; Fresno HS 7 - Indianapolis HS 8
TOP OF THE 6TH
Fresno HS Red Wings batting - Pitching for Indianapolis HS Rifles : LHP Eugene Hernández
Batting: RHB Mike Peterson 0-0: Ball
1-0: Ball
2-0: Ball
3-0: Base on Balls
Batting: RHB Harry Payne 0-0: Called Strike
0-1: Ball
1-1: Grounds into double play, 4-6-3 (Groundball, 4)
Batting: RHB Thomas English 0-0: Ball
1-0: Foul Ball, location: 2F
1-1: SOLO HOME RUN (Flyball, 9LD), Distance : 369 ft
Batting: SHB Xavier Stout 0-0: Ball
1-0: Called Strike
1-1: Ball
2-1: Ball
3-1: SINGLE (Groundball, 56D)
Batting: RHB Bob Howard 0-0: Ball
1-0: Called Strike
1-1: Ball
2-1: Ball
3-1: Foul Ball, location: 2F
3-2: DOUBLE (Line Drive, 89M)
Xavier Stout to third
Xavier Stout scores
Batting: RHB Roberto Santos 0-0: Ball
1-0: Fly out, F7 (Flyball, 7S)
Top of the 6th over - 2 runs, 3 hits, 0 errors, 1 left on base; Fresno HS 9 - Indianapolis HS 8
BOTTOM OF THE 6TH
Indianapolis HS Rifles batting - Pitching for Fresno HS Red Wings : RHP Rodrigo Silva
Batting: RHB Fook Hann 0-0: Ball
1-0: Ball
2-0: Ball
3-0: Called Strike
3-1: Called Strike
3-2: SOLO HOME RUN (Flyball, 7LD), Distance : 346 ft
Batting: RHB Wesley Wood 0-0: Ball
1-0: Ball
2-0: Called Strike
2-1: DOUBLE (Flyball, 8RD)
Batting: RHB Jason Tomlin 0-0: Ball
1-0: Ball
2-0: Called Strike
2-1: Ball
3-1: Ground out 5-3 (Groundball, 56S)
Wesley Wood to third
Batting: RHB Juan Valdéz 0-0: Foul Ball, location: 2F
0-1: Ball
1-1: Foul Ball, location: 2F
1-2: Ball
2-2: DOUBLE (Flyball, 89XD)
Wesley Wood scores
Batting: RHB Lorenzo Camacho 0-0: Ball
1-0: Ball
2-0: Ball
3-0: Called Strike
3-1: Base on Balls
Batting: RHB Dale Messer 0-0: Foul Ball, location: 2F
0-1: Ball
1-1: SINGLE (Groundball, 34D)
Juan Valdéz to third
Lorenzo Camacho to second
Runner from 3rd tries for Home, SAFE, throw made home
Pitching: RHP Derek Dundee
Batting: RHB Raymond Young 0-0: Called Strike
0-1: Foul Ball, location: 2F
0-2: Foul Ball, location: 2F
0-2: Fielders Choice at 2nd, 6-4 (Groundball, 6M)
Lorenzo Camacho to third
Batting: RHB Melvin O'Keefe 0-0: Called Strike
0-1: Swinging Strike
0-2: Foul Ball, location: 2F
0-2: SINGLE (Groundball, 6MD)
Lorenzo Camacho scores
Raymond Young to second
Batting: LHB Henry Fairchild 0-0: Foul Ball, location: 2F
0-1: Swinging Strike
0-2: Ball
1-2: Ball
2-2: Ball
3-2: TRIPLE (Flyball, 78XD)
Raymond Young scores
Melvin O'Keefe scores
Batting: RHB Fook Hann 0-0: Called Strike
0-1: Foul Ball, location: 2F
0-2: Foul Ball, location: 2F
0-2: Fly out, F7 (Flyball, 7S)
Bottom of the 6th over - 6 runs, 6 hits, 0 errors, 1 left on base; Fresno HS 9 - Indianapolis HS 14
TOP OF THE 7TH
Fresno HS Red Wings batting - Pitching for Indianapolis HS Rifles : LHP Eugene Hernández
Batting: RHB José Cómpoz 0-0: Called Strike
0-1: Foul Ball, location: 2F
0-2: Strikes out swinging
Batting: RHB Luis Mata 0-0: Called Strike
0-1: Ball
1-1: Ball
2-1: Fly out, F4 (Line Drive, 4)
Batting: RHB Adrián Velásquez 0-0: Ground out 4-3 (Groundball, 34)
Top of the 7th over - 0 runs, 0 hits, 0 errors, 0 left on base; Fresno HS 9 - Indianapolis HS 14
BOTTOM OF THE 7TH
Indianapolis HS Rifles batting - Pitching for Fresno HS Red Wings : RHP Derek Dundee
Batting: RHB Wesley Wood 0-0: Swinging Strike
0-1: Foul Ball, location: 2F
0-2: Strikes out swinging
Batting: RHB Jason Tomlin 0-0: Ball
1-0: Fly out, F8 (Flyball, 89M)
Batting: RHB Juan Valdéz 0-0: Ball
1-0: Ball
2-0: Ball
3-0: Called Strike
3-1: Called Strike
3-2: SINGLE (Groundball, 6MD)
Batting: RHB Lorenzo Camacho 0-0: Called Strike
0-1: Swinging Strike
0-2: Strikes out looking
Bottom of the 7th over - 0 runs, 1 hit, 0 errors, 1 left on base; Fresno HS 9 - Indianapolis HS 14
TOP OF THE 8TH
Fresno HS Red Wings batting - Pitching for Indianapolis HS Rifles : LHP Eugene Hernández
Batting: RHB Mike Peterson 0-0: Ball
1-0: Ball
2-0: Ball
3-0: Called Strike
3-1: Base on Balls
Pitching: RHP Tim Blair
Batting: RHB Harry Payne 0-0: Fly out, F8 (Flyball, 8RXD)
Runner from 1st tags up, SAFE at 2nd
Batting: RHB Thomas English 0-0: Ball
1-0: Ball
2-0: Called Strike
2-1: Ball
3-1: Foul Ball, location: 2F
3-2: Base on Balls
Batting: SHB Xavier Stout 0-0: Ball
1-0: Ground out 5-3 (Groundball, 56S)
Mike Peterson to third
Thomas English to second
Batting: RHB Bob Howard 0-0: Ball
1-0: Called Strike
1-1: Foul Ball, location: 2F
1-2: SINGLE (Line Drive, 8RS)
Mike Peterson scores
Thomas English to third
Runner from 3rd tries for Home, SAFE, throw made home
Batting: RHB Roberto Santos 0-0: Called Strike
0-1: Ball
1-1: Called Strike
1-2: Fly out, F8 (Flyball, 8LD)
Top of the 8th over - 2 runs, 1 hit, 0 errors, 1 left on base; Fresno HS 11 - Indianapolis HS 14
BOTTOM OF THE 8TH
Indianapolis HS Rifles batting - Pitching for Fresno HS Red Wings : RHP Derek Dundee
Batting: RHB Dale Messer 0-0: Swinging Strike
0-1: Ball
1-1: Ball
2-1: Foul Ball, location: 2F
2-2: Strikes out looking
Batting: RHB Raymond Young 0-0: Ground out 5-3 (Groundball, 5L)
Pitching: LHP Jason Lang
Batting: RHB Melvin O'Keefe 0-0: Ball
1-0: Ball
2-0: Ball
3-0: Called Strike
3-1: Swinging Strike
3-2: Base on Balls
Batting: LHB Henry Fairchild 0-0: Ball
1-0: Foul Ball, location: 2F
1-1: Foul Ball, location: 2F
1-2: Foul Ball, location: 2F
1-2: Fly out, F7 (Flyball, 7S)
Bottom of the 8th over - 0 runs, 0 hits, 0 errors, 1 left on base; Fresno HS 11 - Indianapolis HS 14
TOP OF THE 9TH
Fresno HS Red Wings batting - Pitching for Indianapolis HS Rifles : RHP Tim Blair
Pitching: RHP Ken Stanley
Batting: RHB José Cómpoz 0-0: Ball
1-0: Ball
2-0: Foul Ball, location: 2F
2-1: Swinging Strike
2-2: Strikes out swinging
Batting: RHB Luis Mata 0-0: Ball
1-0: Foul Ball, location: 2F
1-1: SINGLE (Line Drive, 8LS)
Batting: RHB Adrián Velásquez 0-0: Ball
1-0: Foul Ball, location: 2F
1-1: Ball
2-1: SINGLE (Groundball, 6D)
Luis Mata to second
Batting: RHB Mike Peterson 0-0: Swinging Strike
0-1: Foul Ball, location: 2F
0-2: Foul Ball, location: 2F
0-2: Strikes out swinging
Batting: RHB Harry Payne 0-0: Ball
1-0: Ball
2-0: Ball
3-0: Called Strike
3-1: Base on Balls
Luis Mata to third
Adrián Velásquez to second
Batting: RHB Thomas English 0-0: Called Strike
0-1: Swinging Strike
0-2: Strikes out swinging
Top of the 9th over - 0 runs, 2 hits, 0 errors, 3 left on base; Fresno HS 11 - Indianapolis HS 14
Saturday, December 16th, 2017 - OOTP Baseball 18.8 Build 76